 Dungeon Crawl Stone Soup version 0.19-a0-1732-g0b18a7b (webtiles) character file.

1322 4thArraOfDagon the Martial Artist (level 8, -4/39 HPs)
             Began as a Vine Stalker Monk on Sept 30, 2016.
             Slain by a hippogriff (5 damage)
             ... on level 8 of the Dungeon.
             The game lasted 00:06:10 (1399 turns).

4thArraOfDagon the Martial Artist (VSMo)            Turns: 1399, Time: 00:06:10

Health: -4/39      AC:  6    Str: 14    XL:     8   Next: 59%
Magic:  0/18       EV: 13    Int: 12    God:
Gold:   115        SH:  0    Dex: 17    Spells: 1 memorised, 4 levels left

rFire  . . .     SeeInvis .       - Unarmed
rCold  . . .     Gourm    .     j - +2 robe {Archmagi}
rNeg   . . .     Faith    .     (no shield)
rPois  .         Spirit   +     r - +1 hat
rElec  .         Dismiss  .     p - +0 cloak
rCorr  .         Reflect  .     (no gloves)
MR     +....     Harm     .     (no boots)
Stlth  ++........               (no amulet)
                                e - ring of magical power
                                c - +2 ring of slaying

@: no status effects
A: fangs 3, regeneration 1, magic shield, antimagic bite, no device heal 3, rot
immunity
a: no special abilities


You were on level 8 of the Dungeon.
You were not hungry.

You visited 1 branch of the dungeon, and saw 8 of its levels.

You collected 115 gold pieces.

Inventory:

Hand Weapons
 u - the cursed +1 hand axe "Transmigrator" {venom, rF+ SInv, unknown}
   (You found it on level 7 of the Dungeon)

   It poisons the flesh of those it strikes.
   It protects you from fire.
   It lets you see invisible.
   It has a curse placed upon it.
Armour
 a - a +0 robe
 j - a +2 robe of the Archmagi (worn)
 p - a +0 cloak (worn)
 r - a +1 hat (worn)
Jewellery
 c - a +2 ring of slaying (left hand)
 e - a ring of magical power (right hand)
Wands
 w - a wand of heal wounds (5/9)
 x - a wand of enslavement (8/24)
Scrolls
 h - a scroll of remove curse
 i - a scroll of blinking
 s - a scroll of teleportation {unknown}
 t - a scroll of fear
Potions
 k - 2 potions of mutation {unknown}
 l - a potion of cancellation
 m - a potion of invisibility
 o - a potion of flight {unknown}
 q - a potion of lignification {unknown}
 v - a potion of curing
Comestibles
 b - 3 bread rations
 d - 3 meat rations
 f - a slice of pizza
 g - a beef jerky
 n - a royal jelly


   Skills:
 - Level 2.6 Fighting
 - Level 2.4 Dodging
 - Level 2.4 Stealth
 * Level 10.5 Unarmed Combat


You had 4 spell levels left.
You knew the following spells:

 Your Spells              Type           Power        Failure   Level  Hunger
a - Regeneration          Chrm/Necr      #.........   88%         3    ####...


Dungeon Overview and Level Annotations

Branches:
Dungeon (8/15)
 Temple: D:4-7         Lair: D:8-11

Altars:
Trog


Innate Abilities, Weirdness & Mutations

You have razor-sharp teeth.
Your natural rate of healing is unusually fast.
When hurt, damage is shared between your health and your magic reserves.
Your bite disrupts and absorbs the magic of your enemies.
Potions and wands cannot restore your health.
You are immune to rotting.


Message History

* * * LOW HITPOINT WARNING * * *
The hippogriff barely misses you.
The hippogriff claws you but does no damage.
The gnoll hits you from afar with a spear!
* * * LOW HITPOINT WARNING * * *
Unknown command.
You see here a gnoll corpse.
Unknown command.
Evoke which item? (* to show all) (? for menu, Esc to quit)
Zapping:
x - a wand of enslavement (will waste charges)
Press: ? - help, Shift-Dir - straight line, f - hippogriff
Aim: a hippogriff (lightly wounded, chance to defeat MR: 41%)
The hippogriff resists with some effort.
Evoking this partially-identified wand wasted a few charges.
The hippogriff bites you.
* * * LOW HITPOINT WARNING * * *
The hippogriff pecks you!
* * * LOW HITPOINT WARNING * * *
The hippogriff claws you.
You die...

###### #g$g.#
.g.gg.##g#########
.##.# #.H@......##
# #####......#
#.###..# #.##...#
########.##.#.#
#.........)...#
#.......###.###
###.......# #.#
..........# #.#


You could see a hippogriff and 2 gnolls.

Vanquished Creatures
  A wraith (D:7)
  A water moccasin (D:7)
  An ice beast (D:6)
  An ogre (D:6)
  A centaur (D:7)
  A big kobold (D:7)
  Blork the orc (D:4)
  A bullfrog (D:6)
  A gnoll sergeant (D:8)
  2 crimson imps
  A bullfrog zombie (D:6)
  An orc priest (D:6)
  Crazy Yiuf (D:6)
  3 hounds
  2 orc wizards (D:8)
  Ijyb (D:3)
  4 worker ants
  2 hound zombies
  2 gnolls (D:8)
  4 adders
  2 shadow imps (D:5)
  A dart slug (D:2)
  10 orcs
  A ball python (D:4)
  2 giant cockroaches
  A hobgoblin (D:1)
  A jackal zombie (D:7)
  8 kobolds
  An orc zombie (D:7)
  A rat (D:2)
60 creatures vanquished.

Notes
Turn   | Place    | Note
-------+----------+-------------------------------------------
     0 | D:1      | 4thArraOfDagon the Vine Stalker Monk began the quest for the Orb.
     0 | D:1      | Reached XP level 1. HP: 11/11 MP: 2/2
   119 | D:2      | Reached XP level 2. HP: 16/16 MP: 3/3
   183 | D:3      | Noticed Ijyb
   194 | D:3      | Killed Ijyb
   194 | D:3      | Reached skill level 4 in Unarmed Combat
   194 | D:3      | Reached XP level 3. HP: 12/19 MP: 4/4
   237 | D:4      | Noticed Blork the orc
   261 | D:4      | Killed Blork the orc
   261 | D:4      | Reached skill level 5 in Unarmed Combat
   261 | D:4      | Gained mutation: Your natural rate of healing is unusually fast. [Vine Stalker growth]
   261 | D:4      | Reached XP level 4. HP: 2/23 MP: 5/5
   333 | D:5      | Entered Level 5 of the Dungeon
   342 | D:5      | Reached XP level 5. HP: 24/27 MP: 6/6
   344 | D:5      | Noticed a sky beast
   388 | D:5      | Reached skill level 6 in Unarmed Combat
   431 | D:4      | Reached XP level 6. HP: 21/32 MP: 5/7
   522 | D:5      | Found a bloodstained altar of Trog.
   624 | D:6      | Found a runed door.
   628 | D:6      | Noticed Crazy Yiuf
   635 | D:6      | Killed Crazy Yiuf
   670 | D:6      | Reached skill level 7 in Unarmed Combat
   696 | D:6      | Noticed an ice beast
   701 | D:6      | Killed an ice beast
   701 | D:6      | Reached XP level 7. HP: 24/35 MP: 8/8
   728 | D:6      | Reached skill level 8 in Unarmed Combat
   862 | D:7      | Learned a level 3 spell: Regeneration
   910 | D:7      | Got a dazzling hand axe
  1035 | D:7      | Reached skill level 9 in Unarmed Combat
  1122 | D:7      | Gained mutation: You have razor-sharp teeth. [Vine Stalker growth]
  1122 | D:7      | Reached XP level 8. HP: 32/39 MP: 9/9
  1141 | D:7      | Noticed a wraith
  1161 | D:7      | Killed a wraith
  1163 | D:7      | Reached skill level 10 in Unarmed Combat
  1268 | D:6      | You fall through a shaft!
  1391 | D:8      | Noticed a hippogriff
  1399 | D:8      | HP: 1/39 [hippogriff (5)]
  1399 | D:8      | Slain by a hippogriff

Vault maps used:
D:1:      lightli_arrival_flooded_house
D:2:      kb_forest_paths, grunt_qazlal_sundering, first_bread,
          small_statue_intersection
D:3:      uniq_jessica, uniq_iyjb
D:4:      kennysheep_little_box, cheibrodos_gnoll_hut, uniq_pikel,
          uniq_blork_the_orc
D:5:      enter_ossuary_5, trog_three_pillars_becter
D:6:      uniq_crazy_yiuf_cottage
D:7:      lemuel_mausoleum_altar_yredelemnul, roderic_digamma_sauvastika
D:8:      minmay_lair_entry_lava

Skill      XL: |  1  2  3  4  5  6  7  8 |
---------------+-------------------------+-----
Unarmed Combat | 4 5 6 7 9 10 | 10.5
Fighting       | |  2.6
Dodging        | |  2.4
Stealth        | |  2.4

Action                   |  1- 3 |  4- 6 |  7- 9 || total
-------------------------+-------+-------+-------++-------
Melee: Unarmed           |    39 |    65 |   129 ||   233
       Bite              |    14 |    26 |    41 ||    81
       Punch             |       |     4 |     5 ||     9
Evoke: Wand              |       |       |     1 ||     1
  Use: Potion            |     3 |       |       ||     3
       Scroll            |       |     7 |       ||     7
 Stab: Sleeping          |     2 |     2 |     3 ||     7
       Invisible         |     4 |       |       ||     4
  Eat: Chunk             |       |       |     2 ||     2
Armor: Robe              |     9 |     9 |    25 ||    43
Dodge: Dodged            |    32 |    33 |    68 ||   133
